 Dungeon Crawl Stone Soup version 0.28-a0-1435-g82390b3a13 (webtiles) character file.

Game seed: 2918350305180085075

191506 grumblor the Severer (level 18, -12/94 HPs)
             Began as a Vine Stalker Fighter on Jan 10, 2022.
             Was an Elder of Sif Muna.
             Collided with a metal wall (14 damage)
             ... caused by a deep elf knight
             ... on level 2 of the Elven Halls.
             The game lasted 01:54:33 (30417 turns).

grumblor the Severer (Vine Stalker Fighter)        Turns: 30417, Time: 01:54:35

Health: -12/94     AC: 20    Str: 25    XL:     18   Next: 65%
Magic:  0/40       EV: 16    Int: 12    God:    Sif Muna [****..]
Gold:   1733       SH:  7    Dex: 17    Spells: 23/41 levels left

rFire   . . .      SeeInvis .   o - +2 war axe (spect)
rCold   + . .      Faith    .   c - +0 buckler
rNeg    . . .      Spirit   +   E - +4 moon troll leather armour {Spirit, Regen++ MP+5}
rPois   .          Reflect  .   F - +1 hat
rElec   +          Harm     .   w - scarf {repulsion}
rCorr   +          Rampage  .   s - +1 pair of gloves
Will    +++..                   A - +2 pair of boots {Fly}
Stlth   +.........              d - amulet of regeneration
HPRegen 3.45/turn               W - ring of Neurosis {rC+ AC+4 Dex+4}
MPRegen 0.27/turn               u - ring "Edurokuma" {rElec Will+ rCorr Int+6 Dex-3}

@: flying, repel missiles
A: fangs 3, regeneration 1, magic shield, antimagic bite, no potion heal 2,
dopey 1
a: Renounce Religion, Channel Magic, Forget Spell, Divine Exegesis


You were on level 2 of the Elven Halls.
You worshipped Sif Muna.
Sif Muna was greatly pleased with you.
You visited 7 branches of the dungeon, and saw 28 of its levels.
You visited 1 bazaar.
You also visited: Wizlab.

You collected 3247 gold pieces.
You spent 1514 gold pieces at shops.

Inventory:

Hand Weapons
 a - a +1 war axe of flaming
 o - a +2 spectral war axe (weapon)
 I - a +0 broad axe of flaming
 X - a +5 vorpal broad axe
Missiles
 i - 32 poisoned darts (quivered)
 m - a throwing net
 t - 25 boomerangs
 z - 6 atropa-tipped darts
 G - 2 silver javelins
 V - a curare-tipped dart
Armour
 c - a +0 buckler (worn)
 l - a +0 plate armour
 s - a +1 pair of gloves (worn)
 w - a scarf of repulsion (worn)
 A - a +2 pair of boots of flying (worn)
 E - the +4 moon troll leather armour (worn) {Spirit, Regen++ MP+5}
   (You took it off a moon troll in a wizard's laboratory)

   MP:        It affects your magic capacity (+5).
   Regen:     It increases your rate of health regeneration.
 F - a +1 hat (worn)
Jewellery
 b - a ring of magical power
 d - an amulet of regeneration (around neck)
 j - an amulet of reflection
 n - a ring of see invisible
 u - the ring "Edurokuma" (right hand) {rElec Will+ rCorr Int+6 Dex-3}
   (You found it on level 15 of the Dungeon)

   [ring of intelligence]

   Int:       It affects your intelligence (+6).
   Dex:       It affects your dexterity (-3).
   rElec:     It insulates you from electricity.
   rCorr:     It protects you from acid and corrosion.
   Will:      It increases your willpower.
 y - a ring of poison resistance
 D - the ring of the Endless Expanse {EV+4 Int+2}
   (You found it in a wizard's laboratory)

   [ring of evasion]

   EV:        It affects your evasion (+4).
   Int:       It affects your intelligence (+2).
 M - a ring of protection from fire
 W - the ring of Neurosis (left hand) {rC+ AC+4 Dex+4}
   (You bought it in a shop in a bazaar)

   [ring of protection]

   AC:        It affects your AC (+4).
   Dex:       It affects your dexterity (+4).
   rC:        It protects you from cold.
Wands
 f - a wand of digging (7)
 k - a wand of iceblast (6)
 v - a wand of flame (2)
 J - a wand of paralysis (8)
 L - a wand of mindburst (14)
 R - a wand of polymorph (16)
Scrolls
 h - 6 scrolls of torment
 p - 6 scrolls of teleportation
 r - 5 scrolls of enchant armour
 x - 2 scrolls of holy word
 B - a scroll of fog
 S - a scroll of silence
 T - 11 scrolls of identify
 U - 2 scrolls of fear
Potions
 e - 3 potions of ambrosia
 g - 3 potions of lignification
 q - 3 potions of curing
 C - a potion of resistance
 H - 4 potions of cancellation
 K - a potion of magic
 N - 6 potions of mutation
 P - 2 potions of invisibility
 Q - 2 potions of haste
Miscellaneous
 O - a phial of floods (inert)


   Skills:
 + Level 10.2 Fighting
 * Level 16.3 Axes
 - Level 4.0 Throwing
 + Level 10.9 Armour
 - Level 8.0 Dodging
 + Level 10.4 Shields
 * Level 12.3 Spellcasting
 * Level 11.6 Invocations
 - Level 8.0 Evocations


You had 23 spell levels left.
You knew the following spells:

 Your Spells              Type           Power      Damage    Failure   Level
a - Cause Fear            Hex            3%         N/A       77%         4
b - Vampiric Draining     Necr           7%         2d6       36%         3
c - Discord               Hex            3%         N/A       100%        8
d - Tukima's Dance        Hex            7%         N/A       36%         3

Your spell library contained the following spells:

 Spells                   Type           Power      Damage    Failure   Level
 Animate Skeleton         Necr           14%        N/A       12%         1
 Apportation              Tloc           14%        N/A       12%         1
 Foxfire                  Conj/Fire      28%        2x1d5     12%         1
 Slow                     Hex            28%        N/A       12%         1
 Summon Small Mammal      Summ           28%        N/A       12%         1
 Blink                    Tloc           14%        N/A       19%         2
 Ensorcelled Hibernation  Hex/Ice        14%        N/A       19%         2
 Scorch                   Fire           14%        2d5       19%         2
 Wereblood                Tmut           7%         N/A       19%         2
 Call Canine Familiar     Summ           7%         N/A       36%         3
 Confusing Touch          Hex            7%         N/A       36%         3
 Conjure Flame            Conj/Fire      7%         6-21      36%         3
 Dazzling Flash           Conj/Hex       14%        N/A       36%         3
 Frozen Ramparts          Ice            14%        1d3       36%         3
 Ignite Poison            Fire/Tmut/Pois 7%         N/A       36%         3
 Inner Flame              Hex/Fire       7%         N/A       36%         3
 Lesser Beckoning         Tloc           7%         N/A       36%         3
 Mephitic Cloud           Conj/Pois/Air  7%         N/A       36%         3
 Ozocubu's Armour         Ice            7%         N/A       36%         3
 Portal Projectile        Hex/Tloc       14%        N/A       36%         3
 Spider Form              Tmut/Pois      7%         N/A       36%         3
 Summon Guardian Golem    Hex/Summ       7%         N/A       36%         3
 Animate Dead             Necr           3%         N/A       77%         4
 Flame Wave               Conj/Fire      7%         2d4       77%         4
 Ice Form                 Ice/Tmut       7%         N/A       77%         4
 Iskenderun's Mystic Bla  Conj/Tloc      7%         2d4       77%         4
 Leda's Liquefaction      Hex/Erth       3%         N/A       77%         4
 Passage of Golubria      Tloc           7%         N/A       77%         4
 Sticky Flame             Conj/Fire      7%         2d3       77%         4
 Borgnjor's Vile Clutch   Necr/Erth      3%         N/A       98%         5
 Freezing Cloud           Conj/Ice/Air   3%         6-21      98%         5
 Manifold Assault         Tloc           7%         N/A       98%         5
 Silence                  Hex/Air        3%         N/A       98%         5
 Summon Forest            Summ/Tloc      3%         N/A       98%         5
 Summon Mana Viper        Hex/Summ       7%         N/A       98%         5
 Yara's Violent Unravell  Hex/Tmut       3%         3d4       98%         5
 Death Channel            Necr           3%         N/A       100%        6
 Starburst                Conj/Fire      3%         6d3       100%        6
 Summon Cactus Giant      Summ           3%         N/A       100%        6
 Enfeeble                 Hex            3%         N/A       100%        7
 Ozocubu's Refrigeration  Ice            3%         4d5       100%        7
 Storm Form               Tmut/Air       3%         N/A       100%        7
 Summon Hydra             Summ           3%         N/A       100%        7
 Borgnjor's Revivificati  Necr           3%         N/A       100%        8
 Lehudib's Crystal Spear  Conj/Erth      3%         10d3      100%        8


Dungeon Overview and Level Annotations

Branches:
Dungeon (15/15)            Temple (1/1) D:7            Lair (6/6) D:9
  Snake (0/4) Lair:3       Spider (1/4) Lair:3        Slime (0/5) Lair:5
    Orc (2/2) D:9             Elf (2/3) Orc:2        Vaults (0/5) D:13
 Depths (1/4) D:15         WizLab (visited)

Altars:
Ashenzari
Cheibriados
Dithmenos
Elyvilon
Fedhas
Gozag
Hepliaklqana
Kikubaaqudgha
Makhleb
Nemelex Xobeh
Okawaru
Qazlal
Sif Muna
Trog
Uskayaw
Wu Jian
Xom
Yredelemnul
Zin
The Shining One
Beogh
Jiyva
Lugonu

Shops:
D:1 :   D:4 [   D:8 [   D:10 *   Orc:2 [([:

Portals:
Hell: Depths:1

Annotations:
D:14 2 transporters
Spider:1 Louise


Innate Abilities, Weirdness & Mutations

You have razor-sharp teeth.
Your natural rate of healing is unusually fast.
When hurt, damage is shared between your health and your magic reserves.
Your bite disrupts and absorbs the magic of your enemies.
Potions cannot restore your health.
You are dopey. (Int -2)


Message History

You miss the +2 vorpal battleaxe.
The +2 vorpal battleaxe is lightly damaged.
You block the +2 vorpal battleaxe's attack.
Unknown command.
You hit the +2 vorpal battleaxe.
Your bite misses the +2 vorpal battleaxe.
The +2 vorpal battleaxe is moderately damaged.
The +2 vorpal battleaxe hits you!!
* * * LOW HITPOINT WARNING * * *
x2 Unknown command.
You feel less invigorated.
You hear some strange, mumbled words.
The deep elf pyromancer points at you and mumbles some strange words.
The bolt of fire hits the +2 vorpal battleaxe.
The +2 vorpal battleaxe resists.
The bolt of fire misses you.
The deep elf pyromancer mumbles some strange words.
The deep elf pyromancer blinks!
You block the +2 vorpal battleaxe's attack.
You miss something. Your bite misses something.
You hit the +2 vorpal battleaxe but do no damage.
Something blocks your attack.
A deep elf knight appears from thin air!
Reactivating autopickup.
The deep elf knight mumbles some strange words.
The deep elf knight flickers and vanishes!
Deactivating autopickup; reactivate with Ctrl-A.
The deep elf pyromancer mumbles some strange words.
The deep elf pyromancer blinks!
You hear some strange, mumbled words.
A shard of ice appears from out of thin air!
The shard of ice misses you. Something closely misses you.
The +2 vorpal battleaxe hits you!!
* * * LOW HITPOINT WARNING * * *
x2 You hear some strange, mumbled words.
A lance of force appears from out of thin air!
The lance of force hits you!
* * * LOW HITPOINT WARNING * * *
You are knocked back by the lance of force.
You slam into the metal wall!
You die...

##.## ### ##... #.## #.#
######.... #.# #.# ###..##.....
###.### #.# ###...###.....
......## #.## ###.....###.....
.......# #..####......###'...#.
.......# #..##...{...§###'.).#.
.......# #...)...(...(..§'..###
.......#####..##@..{....###'...#.
..............####......###'.).#.
.......##.....# ###.....###.....
..............# ###.e.###.....
....)..##.....# ###..##.{{..
....)..###....# ######....
........####### ##... ##...#### .
##.... .##.#.## ..##.....


You could see a deep elf pyromancer and 2 dancing weapons.

Vanquished Creatures
  A deep elf blademaster (Elf:1)
  A quicksilver dragon (WizLab)
  A moon troll (WizLab)
  Gastronok (D:9)
  7 tentacled starspawn (WizLab)
  Agnes (Spider:1)
  Kirke (D:13)
  A storm dragon (D:15)
  The ghost of axecop the Black Belt, an adept DsAK of Lugonu (Orc:1)
  A deep elf sorcerer (Elf:1)
  Aizul (Spider:1)
  A cacodemon (WizLab)
  An orc warlord (Orc:2)
  2 war gargoyles (WizLab)
  10 stone giants
  12 very ugly things (WizLab)
  A deep elf demonologist (Elf:2)
  An entropy weaver (Spider:1)
  An ettin (Orc:1)
  A deep elf death mage (Elf:1)
  Snorg (D:14)
  2 fire dragons (Depths:1)
  Harold (D:8)
  Josephine (D:15)
  4 great orbs of eyes
  3 vault guards (Elf:1)
  2 ice dragons (D:15)
  Erolcha (Orc:1)
  A rakshasa (D:14)
  3 boulder beetles
  An ogre mage (D:15)
  13 hydras
  4 centaur warriors
  A merfolk avatar (Lair:6)
  2 tengu warriors
  13 dancing weapons
  A death knight (D:13)
  4 two-headed ogres
  9 death yaks
  2 deep troll earth magi (D:15)
  An orc high priest (Elf:1)
  Urug (Lair:4)
  9 deep elf knights
  An iron troll (D:15)
  A wretched star (WizLab)
  2 pharaoh ants
  An orange crystal statue (WizLab)
  2 deep trolls (D:15)
  A sea snake (Lair:6)
  6 glowing orange brains (WizLab)
  3 wizards
  7 deep elf archers
  Pikel (D:5)
  22 deep elf zephyrmancers
  A necromancer (D:15)
  A mana viper (shapeshifter) (D:15)
  17 deep elf pyromancers
  4 orc knights
  4 manticores
  5 wolf spiders
  A harpy (Lair:6)
  25 ugly things
  2 orc sorcerers
  5 cyclopes
  Maurice (D:8)
  26 elephants
  A salamander (shapeshifter) (D:14)
  A moth of wrath (Spider:1)
  2 vault sentinels (Elf:1)
  5 eyes of devastation (WizLab)
  A torpor snail (Lair:4)
  5 black mambas
  An eye of devastation (shapeshifter) (D:15)
  12 cane toads
  A gargoyle (D:13)
  10 rime drakes
  An unseen horror (shapeshifter) (Elf:1)
  5 kobold demonologists
  13 komodo dragons
  An efreet (D:14)
  5 yaktaurs (D:15)
  Maggie (D:8)
  4 tengu conjurers
  Psyche (D:9)
  6 trolls
  A polar bear (Lair:6)
  2 hornets
  8 tarantellas (Spider:1)
  A wind drake (Lair:6)
  19 blink frogs
  10 dream sheep
  Sigmund (D:3)
  3 jumping spiders (Spider:1)
  A vampire (D:12)
  An air elemental (Elf:2)
  A culicivora (Spider:1)
  2 shadows (D:12)
  7 wraiths
  53 yaks
  2 water elementals
  6 wyverns
  2 fire elementals (Elf:1)
  3 hogs (D:13)
  13 vampire mosquitoes
  2 neqoxecs (WizLab)
  4 steam dragons
  6 basilisks
  11 golden eyes (WizLab)
  18 redbacks
  A redback (shapeshifter) (D:13)
  4 acid dragons
  2 nagas (Lair:3)
  A warg (Orc:2)
  12 water moccasins
  A meliai simulacrum (D:14)
  24 orc warriors
  9 ogres
  A black bear (D:7)
  10 centaurs
  2 boggarts (Elf:1)
  19 wolves
  4 kobold brigands
  Blork the orc (D:5)
  3 earth elementals
  9 bullfrogs
  A gnoll sergeant (D:8)
  2 wyvern zombies (D:8)
  2 scorpions
  A water moccasin skeleton (D:6)
  4 killer bees (D:9)
  3 wights (D:7)
  3 howler monkeys
  A jelly (D:6)
  4 electric eels
  3 centaur zombies
  19 orc priests
  2 bullfrog skeletons (D:7)
  An iguana (D:5)
  A scorpion zombie (D:5)
  28 orc wizards
  2 hell rats (Lair:2)
  2 hound skeletons
  2 howler monkey zombies
  5 gnolls
  5 adders
  5 river rats (Lair:2)
  A shadow imp (D:6)
  A white imp (D:5)
  An adder skeleton (D:4)
  A worm (D:2)
  2 dart slugs
  93 orcs
  3 endoplasms
  3 giant cockroaches
  7 goblins
  4 hobgoblins
  2 jackals (D:1)
  4 quokkas
  7 ball pythons
  3 bats
  3 frilled lizards
  14 kobolds
  10 rats
  15 starspawn tentacles (WizLab)
892 creatures vanquished.

Vanquished Creatures (collateral kills)
  A troll (Orc:2)
  2 orc warriors (Orc:2)
  An orc priest (Orc:2)
  2 orc wizards (Orc:2)
  5 orcs (Orc:2)
11 creatures vanquished.

Vanquished Creatures (others)
  A deep elf knight (Elf:1)
  A wizard (D:14)
  2 orc warriors (Orc:2)
  2 orc wizards (Orc:2)
  A gnoll (D:8)
  2 orcs (Orc:2)
  7 demonic plants (WizLab)
  33 fungi
  138 plants
  25 starspawn tentacles (WizLab)
212 creatures vanquished.

Grand Total: 1115 creatures vanquished

Notes
Turn   | Place    | Note
-------+----------+-------------------------------------------
     0 | D:1      | grumblor the Vine Stalker Fighter began the quest for the
                  | Orb.
     0 | D:1      | Reached XP level 1. HP: 11/11 MP: 2/2
   254 | D:1      | Reached XP level 2. HP: 16/16 MP: 3/3
   454 | D:1      | Found Byifobi's Book Boutique.
   723 | D:1      | Found a faded altar of an unknown god.
  1119 | D:2      | Reached skill level 2 in Axes
  1215 | D:2      | Found a basalt altar of Yredelemnul.
  1231 | D:2      | Reached XP level 3. HP: 19/19 MP: 3/5
  1312 | D:2      | You fall into a shaft and drop 1 floor!
  1555 | D:2      | Reached skill level 1 in Spellcasting
  1567 | D:2      | Gained mutation: Your natural rate of healing is unusually
                  | fast. [Vine Stalker growth]
  1567 | D:2      | Reached XP level 4. HP: 3/24 MP: 5/7
  1830 | D:3      | Reached skill level 1 in Dodging
  1960 | D:3      | Noticed Sigmund
  1981 | D:3      | Killed Sigmund
  1982 | D:3      | Reached skill level 3 in Axes
  1982 | D:3      | Reached skill level 1 in Throwing
  1982 | D:3      | Reached XP level 5. HP: 28/28 MP: 7/9
  1982 | D:3      | Reached XP level 6. HP: 32/32 MP: 7/10
  2480 | D:4      | Found Simmuricw's Armour Shoppe.
  2535 | D:4      | Bought a scarf of repulsion for 132 gold pieces
  2705 | D:5      | Entered Level 5 of the Dungeon
  2706 | D:5      | Noticed Blork the orc
  2898 | D:5      | Killed Blork the orc
  2980 | D:5      | Noticed Pikel
  3001 | D:5      | Killed Pikel
  3002 | D:5      | Reached skill level 4 in Axes
  3002 | D:5      | Reached XP level 7. HP: 14/36 MP: 2/12
  3002 | D:5      | Gained mutation: You have razor-sharp teeth. [Vine Stalker
                  | growth]
  3002 | D:5      | Reached XP level 8. HP: 17/41 MP: 2/13
  3468 | D:5      | Reached skill level 5 in Axes
  4731 | D:7      | Found a staircase to the Ecumenical Temple.
  4745 | Temple   | Entered the Ecumenical Temple
  4781 | Temple   | Became a worshipper of Sif Muna the Loreminder
  4834 | D:7      | Reached XP level 9. HP: 15/45 MP: 9/16
  4911 | D:7      | Reached skill level 1 in Invocations
  5651 | D:8      | Found Donuru's Antique Armour Emporium.
  5659 | D:8      | Bought a pair of glowing boots for 165 gold pieces
  5719 | D:8      | Reached skill level 6 in Axes
  6239 | D:8      | Noticed Harold
  6263 | D:8      | Killed Harold
  6263 | D:8      | Reached * piety under Sif Muna
  6263 | D:8      | Noticed a hornet
  6264 | D:8      | Reached skill level 5 in Armour
  6264 | D:8      | Reached skill level 1 in Evocations
  6276 | D:8      | Killed a hornet
  6277 | D:8      | Reached skill level 5 in Spellcasting
  6277 | D:8      | Reached XP level 10. HP: 51/51 MP: 18/18
  6352 | D:8      | Noticed Maggie
  6359 | D:8      | Killed Maggie
  6404 | D:8      | Noticed a manticore
  6414 | D:8      | Killed a manticore
  6423 | D:8      | Reached skill level 7 in Axes
  6514 | D:8      | Noticed Maurice
  6532 | D:8      | Killed Maurice
  6665 | D:9      | Noticed a kobold demonologist
  6680 | D:9      | Killed a kobold demonologist
  6830 | D:9      | Noticed an elephant
  6831 | D:9      | Found a staircase to the Lair.
  6844 | D:9      | Killed an elephant
  6860 | D:9      | Reached skill level 5 in Fighting
  6866 | D:9      | Found a staircase to the Orcish Mines.
  6977 | D:9      | Found an opulent altar of Gozag.
  6992 | D:9      | Noticed Psyche
  7001 | D:9      | Killed Psyche
  7002 | D:9      | Reached XP level 11. HP: 55/55 MP: 21/21
  7400 | Orc:1    | Entered Level 1 of the Orcish Mines
  7420 | Orc:1    | Reached skill level 5 in Shields
  7426 | Orc:1    | Reached ** piety under Sif Muna
  7478 | Orc:1    | Noticed Gastronok
  7494 | Orc:1    | Noticed Erolcha
  7538 | Lair:1   | Entered Level 1 of the Lair of Beasts
  7616 | Lair:1   | Reached skill level 8 in Axes
  7796 | Lair:1   | Noticed a six-headed hydra
  7820 | Lair:1   | Killed a one-headed hydra
  7914 | Lair:1   | Reached skill level 5 in Invocations
  8817 | Lair:2   | Identified the +8 flail "Gucairuf" {speed, rElec Int-4
                  | Dex+6}
  8868 | Lair:2   | Noticed a seven-headed hydra
  8893 | Lair:2   | Killed a two-headed hydra
  9032 | Lair:2   | Reached XP level 12. HP: 23/56 MP: 8/23
  9227 | Lair:2   | Reached *** piety under Sif Muna
  9254 | Lair:2   | Noticed a six-headed hydra
  9273 | Lair:2   | Killed a one-headed hydra
  9274 | Lair:2   | Reached skill level 9 in Axes
  9491 | Lair:2   | Noticed a four-headed hydra
  9498 | Lair:2   | Killed a one-headed hydra
  9900 | Lair:3   | Noticed a four-headed hydra
  9917 | Lair:3   | Killed a one-headed hydra
 10188 | Lair:3   | Found a staircase to the Snake Pit.
 10280 | Lair:3   | Noticed a six-headed hydra
 10294 | Lair:3   | Killed a two-headed hydra
 10323 | Lair:3   | Noticed an eight-headed hydra
 10347 | Lair:3   | Killed a three-headed hydra
 10604 | Lair:3   | Noticed a boulder beetle
 10620 | Lair:3   | Killed a boulder beetle
 10621 | Lair:3   | Reached XP level 13. HP: 65/65 MP: 26/26
 10738 | Lair:3   | Found a hole to the Spider Nest.
 11201 | Lair:4   | Reached skill level 10 in Axes
 11301 | Lair:4   | Identified the +7 falchion "Buogyuh" {vorpal, rPois}
 11337 | Lair:4   | Reached **** piety under Sif Muna
 11730 | Lair:4   | Reached XP level 14. HP: 72/72 MP: 28/28
 11822 | Lair:4   | Reached skill level 11 in Axes
 12478 | Lair:5   | Noticed Urug
 12610 | Lair:4   | Killed Urug
 12941 | Lair:3   | Reached ***** piety under Sif Muna
 13529 | Lair:5   | Found a viscous altar of Jiyva.
 13529 | Lair:5   | Found a staircase to the Slime Pits.
 13628 | Lair:5   | Received a gift from Sif Muna
 13662 | Lair:5   | Got Sif Muna's Disquisition on Freezing Orientation {god
                  | gift}
 13809 | Lair:6   | Entered Level 6 of the Lair of Beasts
 14883 | Lair:6   | Reached skill level 5 in Evocations
 15532 | D:9      | Killed Gastronok
 15533 | D:9      | Reached skill level 5 in Dodging
 15533 | D:9      | Reached XP level 15. HP: 61/77 MP: 29/29
 15619 | Orc:1    | Killed Erolcha
 15709 | Orc:1    | Reached skill level 10 in Spellcasting
 15780 | Orc:1    | Found a runed translucent gate.
 15780 | Orc:1    | Found a runed translucent gate.
 15780 | Orc:1    | Found a runed translucent gate.
 15780 | Orc:1    | Noticed axecop's ghost (adept DsAK)
 16117 | Orc:1    | Killed axecop's ghost
 16201 | Orc:2    | Entered Level 2 of the Orcish Mines
 16231 | Orc:2    | Learned a level 4 spell: Cause Fear
 16235 | Orc:2    | Learned a level 3 spell: Vampiric Draining
 16244 | Orc:2    | Learned a level 8 spell: Discord
 16248 | Orc:2    | Learned a level 3 spell: Tukima's Dance
 16519 | Orc:2    | Reached skill level 10 in Armour
 16674 | Orc:2    | Found Uxtairi's Book Emporium.
 16863 | Orc:2    | Noticed an orc warlord
 16871 | Orc:2    | Killed an orc warlord
 16872 | Orc:2    | Reached skill level 12 in Axes
 16890 | Orc:2    | Found Weiro's Antique Armour Shoppe.
 16909 | Orc:2    | Found Busuvvesm's Antique Weapon Emporium.
 16920 | Orc:2    | Bought a pair of embroidered gloves for 180 gold pieces
 16950 | Orc:2    | Bought a runed war axe for 214 gold pieces
 17062 | Orc:2    | Found Tam Loune's Antique Armour Shoppe.
 17069 | Orc:2    | Received a gift from Sif Muna
 17071 | Orc:2    | Got Sif Muna's Reference Book on Warped Bewitchment {god
                  | gift}
 17358 | Orc:2    | Found a staircase to the Elven Halls.
 17489 | D:10     | Entered Level 10 of the Dungeon
 17806 | D:10     | Found Hetof's Assorted Antiques.
 18422 | D:11     | Found a snail-covered altar of Cheibriados.
 19299 | D:12     | Found an iron altar of Okawaru.
 19813 | D:13     | Identified the +9 chain mail "Pidwu" {rC- rN++ Int+7}
 19821 | D:13     | Noticed Kirke
 19837 | D:13     | Killed Kirke
 20037 | D:13     | Found a gate to the Vaults.
 20264 | D:13     | Received a gift from Sif Muna
 20284 | D:13     | Got Sif Muna's Almanac of Creative Heat {god gift}
 20348 | D:14     | Found a flickering gateway to a bazaar.
 20389 | Bazaar   | Entered a bazaar
 20397 | Bazaar   | Found Rettikly's Magic Scroll Emporium.
 20397 | Bazaar   | Found Piwoloic's Jewellery Shoppe.
 20420 | Bazaar   | Bought a scroll of holy word for 97 gold pieces
 20420 | Bazaar   | Bought a scroll of teleportation for 39 gold pieces
 20420 | Bazaar   | Bought a scroll of fear for 45 gold pieces
 20422 | Bazaar   | Bought the ring of Neurosis {rC+ AC+4 Dex+4} for 642 gold
                  | pieces
 20700 | D:14     | Found a corrupted altar of Lugonu.
 20704 | D:14     | Found a transporter.
 20952 | D:14     | Noticed Snorg
 20976 | D:14     | Killed Snorg
 21051 | D:14     | Found a transporter.
 21052 | D:14     | Noticed a tentacled starspawn
 21296 | D:15     | Entered Level 15 of the Dungeon
 21308 | D:15     | Reached XP level 16. HP: 64/82 MP: 31/31
 21383 | D:15     | Reached skill level 13 in Axes
 21521 | D:15     | Found a blossoming altar of Fedhas.
 21653 | D:15     | Noticed Josephine
 21680 | D:15     | Killed Josephine
 21759 | D:15     | Found a staircase to the Depths.
 21807 | D:15     | Identified the ring "Edurokuma" {rElec Will+ rCorr Int+6
                  | Dex-3}
 21986 | D:15     | Received a gift from Sif Muna
 22269 | Depths:1 | Entered Level 1 of the Depths
 22451 | Depths:1 | Found a gateway to Hell.
 22546 | Depths:1 | Found a hazy altar of Hepliaklqana.
 22606 | Depths:1 | Found a magical portal.
 22615 | WizLab   | Entered Lehudib's Moon Base
 22713 | WizLab   | Gained mutation: You are occasionally teleported next to
                  | monsters. [a neqoxec]
 22729 | WizLab   | Noticed a tentacled starspawn
 22808 | WizLab   | Lost mutation: You are occasionally teleported next to
                  | monsters. [potion of mutation]
 22808 | WizLab   | Gained mutation: You are dopey. (Int -2) [potion of
                  | mutation]
 22808 | WizLab   | Lost mutation: You are dopey. (Int -2) [potion of mutation]
 22852 | WizLab   | Noticed a tentacled starspawn
 22871 | WizLab   | Reached skill level 10 in Shields
 22871 | WizLab   | Reached skill level 10 in Invocations
 22981 | WizLab   | Gained mutation: You are dopey. (Int -2) [a neqoxec]
 23286 | WizLab   | Killed a tentacled starspawn
 23560 | WizLab   | Noticed a tentacled starspawn
 23579 | WizLab   | Killed a tentacled starspawn
 23631 | WizLab   | Reached skill level 14 in Axes
 23788 | WizLab   | Killed a tentacled starspawn
 23876 | WizLab   | Identified the ring of the Endless Expanse {EV+4 Int+2}
 23895 | WizLab   | Found a transporter.
 23913 | WizLab   | Noticed a tentacled starspawn
 23940 | WizLab   | Reached XP level 17. HP: 43/87 MP: 27/33
 23951 | WizLab   | Killed a tentacled starspawn
 24129 | WizLab   | Noticed a quicksilver dragon
 24145 | WizLab   | Killed a quicksilver dragon
 24439 | WizLab   | Found a transporter.
 24496 | WizLab   | Noticed a tentacled starspawn
 24505 | WizLab   | Killed a tentacled starspawn
 24686 | WizLab   | Noticed a tentacled starspawn
 24693 | WizLab   | Killed a tentacled starspawn
 26036 | WizLab   | Noticed a moon troll
 26036 | WizLab   | Noticed a tentacled starspawn
 26057 | WizLab   | Killed a tentacled starspawn
 26062 | WizLab   | HP: 2/88 [moon troll/bolt of acid (13)]
 26101 | WizLab   | Killed a moon troll
 26400 | WizLab   | Got Lehudib's Volume of the Shifting Rocks
 26958 | Depths:1 | Noticed a sphinx
 27186 | Spider:1 | Entered Level 1 of the Spider Nest
 27228 | Lair:3   | Reached skill level 15 in Axes
 27640 | Spider:1 | Identified the +0 scale mail of Raluty {Str+4}
 27804 | Spider:1 | Noticed Agnes
 27816 | Spider:1 | Killed Agnes
 27829 | Spider:1 | Noticed Aizul
 27852 | Spider:1 | Killed Aizul
 27868 | Spider:1 | HP: 2/81 [wolf spider (6)]
 27872 | Spider:1 | Noticed Louise
 28618 | Elf:1    | Entered Level 1 of the Elven Halls
 28975 | Elf:1    | Reached XP level 18. HP: 35/93 MP: 17/34
 29338 | Elf:1    | Received a gift from Sif Muna
 29407 | Elf:1    | Got the Guide on Earth and Evil Secrets
 29563 | Elf:2    | Paralysed by an air elemental for 1 turns
 29599 | Elf:2    | Reached skill level 10 in Fighting
 29599 | Elf:2    | Reached skill level 16 in Axes
 29710 | Elf:2    | Found a huge runed translucent gate.
 29710 | Elf:2    | Found a huge runed translucent gate.
 29720 | Elf:2    | Found a huge runed translucent gate.
 30036 | Elf:2    | Found a huge runed translucent gate.
 30036 | Elf:2    | Found a huge runed translucent gate.
 30197 | Elf:2    | Noticed a deep elf blademaster
 30248 | Elf:2    | HP: 2/93 [+2 halberd of distortion (10)]
 30283 | Elf:1    | Killed a deep elf blademaster
 30417 | Elf:2    | HP: 2/94 [something/lance of force (10)]
 30417 | Elf:2    | Collided with a metal wall

Illustrated notes

Levels and vault maps discovered:
D:1:      wander_arrival_lonely_grave, layout_basic, serial_shops, shop,
          dreamdust_ecumenical_altar_statues
D:2:      layout_basic, basic_altar, nicolae_grassy_gnolls
D:3:      layout_rooms, serial_bayou_pond_e, uniq_sigmund
D:4:      layout_cave_pools, serial_shops, shop, serial_park_tiny_1,
          hangedman_decor_opposing, nicolae_underground_beach
D:5:      layout_gridville, nrook_pool_corridor, uniq_pikel, uniq_blork_the_orc
D:6:      layout_basic
D:7:      layout_gridville, minmay_temple_entry_offerings, corner_web_ring
D:8:      minmay_cornered_nines, layout_basic, serial_shops, nicolae_shop_stone,
          fungi_pond_lemuel, serial_bayou_pond_a, serial_bayou_lagoon_a,
          uniq_harold, uniq_maggie, uniq_maurice
D:9:      layout_cave_pods, mainiacjoe_overflow_catwalk, david_lair_generic,
          orc_0_dummy, uniq_psyche
D:10:     layout_basic, serial_shops, nicolae_take_the_stairs
D:11:     layout_loops_ring, kennysheep_slug_shrine
D:12:     layout_long_grid, statue_in_the_mist_lemuel,
          kennysheep_okawaru_gauntlet
D:13:     layout_basic, erik_vaults_1, uniq_kirke
D:14:     gammafunk_corrupted_shrine, layout_basic, serial_rivers,
          chequers_serial_rivers_micro_b, chequers_serial_rivers_small_3,
          chequers_serial_rivers_large_b, chequers_serial_rivers_room_b,
          chequers_serial_rivers_micro_b, chequers_serial_rivers_micro_e,
          serial_shops, bzr_entry_lakeside, minmay_door_square, uniq_snorg
D:15:     grunt_enter_depths_hoard, layout_loops_ring, fedhas_altar_3,
          uniq_josephine
Temple:   nicolae_temple_the_god_donut
Lair:1:   layout_regular_city, beast_lair_carwin_3, grunt_megastairs_3,
          serial_bayou_shore_a
Lair:2:   layout_long_grid, kennysheep_abandoned_house, grunt_megastairs_1,
          lemuel_fruit_tree, infiniplex_staircase_pool
Lair:3:   layout_long_grid, guppyfry_snake_entry_garden, dummy_spider_entry
Lair:4:   layout_gridlike, minmay_lair_drake_nest
Lair:5:   layout_layer_cave, dpeg_slime_entry_enclosed_altar,
          serial_bayou_pond_b, st_stairs_9, uniq_urug
Lair:6:   gammafunk_lair_ancient_temple, layout_cellular_growth
Spider:1: layout_chambers, uniq_jorgrun, uniq_agnes, uniq_louise, uniq_aizul
Orc:1:    layout_caves, ebering_ghost_rock_garden, uniq_erolcha, uniq_gastronok
Orc:2:    grunt_orc_community_town_hall, layout_caves,
          grunt_orc_community_big_house_1, grunt_orc_community_big_house_2,
          grunt_orc_community_house_1, grunt_orc_community_house_2,
          grunt_orc_community_house_3, grunt_orc_community_house_3,
          grunt_orc_community_house_1
Elf:1:    layout_loops_cross, hangedman_elf_disciples, dk_noncrumbling_4,
          grunt_ministairs_2, st_stairs_2,
          nicolae_elf_vaults_five_recruitment_drive
Elf:2:    elven_hall_of_blades_hangedman_alternative
          [nicolae_blade_entry_pointy_end], layout_rooms
Depths:1: hangedman_stitches_corridor, layout_honeycomb, hell_entry,
          mu_enter_wizlab_4, minmay_misc_feat_hallway, amcnicky_mini_pool_small,
          minivault_11, nzn_hepliaklqana_mist_gate

Skill      XL: |  1  2  3  4  5  6  7  8  9 10 11 12 13 14 15 16 17 18 |
---------------+-------------------------------------------------------+-----
Axes           | 2 3 4 5 6 7 8 9 10 11 12 14 15 16 | 16.3
Fighting       | 3 4 5 6 7 8 9 10 | 10.2
Spellcasting   | 1 2 3 4 5 6 7 8 9 10 11 12 | 12.3
Dodging        | 1 2 3 4 5 6 7 8 |  8.0
Throwing       | 1 2 3 4 |  4.0
Shields        | 3 4 5 6 8 9 10 | 10.4
Armour         | 3 4 5 7 8 9 10 | 10.9
Invocations    | 2 4 5 6 7 8 9 10 11 | 11.6
Evocations     | 1 3 4 5 6 7 8 |  8.0

Action                   |  1- 3 |  4- 6 |  7- 9 | 10-12 | 13-15 | 16-18 || total
-------------------------+-------+-------+-------+-------+-------+-------++-------
Melee: War axe           |    78 |   111 |   165 |   404 |  1065 |  1000 ||  2823
       Bite              |    20 |    28 |    53 |   174 |   431 |   423 ||  1129
       Long sword        |       |       |       |    53 |    34 |       ||    87
       Flail             |       |       |       |       |     5 |       ||     5
       Scimitar          |       |       |       |       |       |    14 ||    14
Throw: Dart              |       |     7 |     4 |    27 |    98 |   119 ||   255
       Throwing net      |       |     1 |       |       |       |     3 ||     4
       Boomerang         |       |       |    16 |     5 |     3 |     7 ||    31
       Javelin           |       |       |       |       |    18 |    31 ||    49
 Cast: Discord           |       |       |       |       |     1 |       ||     1
Invok: Channel Magic     |       |       |       |       |    16 |    27 ||    43
       Divine Exegesis   |       |       |       |       |     1 |       ||     1
Evoke: Wand              |       |       |     1 |     3 |     6 |    34 ||    44
       Phial of floods   |       |       |       |       |     2 |     4 ||     6
  Use: Scroll            |     3 |     7 |    10 |     5 |     8 |    11 ||    44
       Potion            |       |       |     1 |       |     2 |    11 ||    14
 Stab: Paralysed         |       |       |       |       |     5 |    23 ||    28
       Distracted        |       |       |       |       |       |    11 ||    11
Armor: Scale mail        |    28 |       |       |       |       |       ||    28
       Chain mail        |     9 |    23 |       |       |       |       ||    32
       Plate armour      |       |    46 |    65 |   295 |   652 |   191 ||  1249
       Acid dragon scale |       |       |       |     8 |       |       ||     8
       Troll leather arm |       |       |       |       |       |   272 ||   272
Dodge: Dodged            |    45 |    39 |    41 |   202 |   399 |   447 ||  1173
       Repelled          |       |     3 |     3 |     2 |     9 |    12 ||    29
Block: Buckler           |    17 |    69 |    71 |   315 |   761 |   431 ||  1664
       Reflection        |       |     3 |     7 |     7 |    23 |    24 ||    64

Table legend: (Time is in decaauts)
 A = Elapsed time spent in this place.
 B = Non-inter-level travel time spent in this place.
 C = Inter-level travel time spent in this place.
 D = Time resting spent in this place.
 E = Time spent auto-exploring this place.
 F = Levels seen in this place.
 G = Mean time per level.
                   A        B        C        D        E       F      G
               +--------+--------+--------+--------+--------+-----+--------+
         Total |  30388 |  29192 |   1196 |   4220 |  17341 |  30 | 1012.9 |
       Dungeon |  12920 |  12349 |    571 |    620 |   8883 |  15 |  861.3 |
        Temple |     68 |     36 |     32 |      0 |     18 |   1 |   68.0 |
          Lair |   8552 |   8118 |    434 |   1063 |   5165 |   6 | 1425.3 |
   Spider Nest |    826 |    790 |     36 |    351 |    243 |   1 |  826.0 |
  Orcish Mines |   2024 |   1923 |    101 |    107 |   1195 |   2 | 1012.0 |
   Elven Halls |   1700 |   1680 |     20 |    117 |    970 |   2 |  850.0 |
        Depths |    492 |    492 |      0 |      0 |    317 |   1 |  492.0 |
        Bazaar |     41 |     41 |      0 |      0 |     21 |   1 |   41.0 |
        Wizlab |   3761 |   3761 |      0 |   1962 |    528 |   1 | 3761.0 |
               +--------+--------+--------+--------+--------+-----+--------+

Top non-repeatable levels by time:
  WizLab: 3761 daAuts
  Lair:3: 1872 daAuts
  Lair:5: 1591 daAuts
    D:15: 1413 daAuts
  Lair:4: 1354 daAuts
  Lair:1: 1254 daAuts
  Lair:2: 1252 daAuts
  Lair:6: 1227 daAuts
   Orc:2: 1149 daAuts
     D:1: 1088 daAuts
     D:8: 1051 daAuts
     D:5: 1001 daAuts
     D:9: 967 daAuts
    D:14: 927 daAuts
   Elf:1: 909 daAuts
